 Dungeon Crawl Stone Soup version 0.21.1-1-g345015fe64 (webtiles) character file.

600 LevaFresel the Shooter (level 7, -3/46 HPs)
             Began as a Halfling Hunter on June 4, 2018.
             Was an Initiate of Okawaru.
             Slain by Menkaure (9 damage)
             ... on level 6 of the Dungeon.
             The game lasted 00:31:27 (4589 turns).

LevaFresel the Shooter (Halfling Hunter)            Turns: 4589, Time: 00:31:28

Health: -3/46      AC: 11    Str: 14    XL:     7   Next: 69%
Magic:  8/8        EV: 10    Int: 12    God:    Okawaru [......]
Gold:   32         SH:  0    Dex: 16    Spells: 6/6 levels left

rFire    x . .     SeeInvis .   b - +2 dagger (drain)
rCold    + + .     Gourm    .   (shield restricted)
rNeg     . . .     Faith    .   z - +0 chain mail (curse)
rPois    .         Spirit   .   r - +2 helmet of the Quahog {Int+3}
rElec    .         Reflect  .   (no cloak)
rCorr    .         Harm     .   (no gloves)
MR       .....                  (no boots)
Stlth    ..........             (no amulet)
HPRegen  0.15/turn              o - ring of protection from cold
MPRegen  0.11/turn              i - ring of ice

@: confused
A: small, mutation resistance 1
a: Renounce Religion


You were on level 6 of the Dungeon.
You worshipped Okawaru.
Okawaru was noncommittal.
You were not hungry.

You visited 1 branch of the dungeon, and saw 6 of its levels.

You collected 116 gold pieces.
You spent 84 gold pieces at shops.

Inventory:

Hand Weapons
 a - a +1 shortbow
 b - a +2 dagger of draining (weapon)
Missiles
 d - 55 arrows
 g - 173 stones (quivered)
Armour
 r - the +2 helmet of the Quahog (worn) {Int+3}
   (You took it off Robin on level 3 of the Dungeon)

   It affects your intelligence (+3).
 z - a cursed +0 chain mail (worn)
Jewellery
 h - an uncursed amulet of rage
 i - a ring of ice (right hand)
 o - a ring of protection from cold (left hand)
Wands
 s - a wand of digging (17)
Scrolls
 f - a scroll of enchant weapon {unknown}
 j - 2 scrolls of teleportation
 m - 2 scrolls of enchant armour {unknown}
 p - 2 scrolls of random uselessness {unknown}
 u - 2 scrolls of remove curse {unknown}
 v - a scroll of fog {unknown}
 y - a scroll of identify
 A - a scroll of silence {unknown}
Potions
 c - a potion of ambrosia {unknown}
 e - 3 potions of lignification {unknown}
 k - 3 potions of curing
 l - a potion of invisibility {unknown}
 n - a potion of degeneration {unknown}
 t - a potion of cancellation {unknown}
 w - a potion of might {unknown}
 x - a potion of heal wounds {unknown}


   Skills:
 + Level 3.4 Fighting
 - Level 2.0 Short Blades
 * Level 6.9 Bows
 + Level 1.6 Armour
 + Level 4.1 Dodging
 - Level 2.2 Stealth
 + Level 1.4 Evocations


You had 6 spell levels left.
You didn't know any spells.

Dungeon Overview and Level Annotations

Branches:
Dungeon (6/15)             Temple (0/1) D:6

Altars:
Ashenzari
Okawaru
Qazlal
Yredelemnul
The Shining One

Shops:
D:5 *

Annotations:
D:3 Thoern's ghost, weakling DDFi
D:6 Menkaure


Innate Abilities, Weirdness & Mutations

You are small and have problems with some larger weapons.
You are somewhat resistant to further mutation.


Message History

An orc comes into view. It is wielding a whip.
You sense an unholy aura.
b - a +2 dagger of draining (weapon)
The orc shouts!
Menkaure barely misses you.
You hear some strange, mumbled words.
You are confused.
You're too confused!
Menkaure shouts, "The curse of the Pharaohs be upon you!"
Menkaure gestures at you while chanting.
Pain shoots through your body!
* * * LOW HITPOINT WARNING * * *
You hear some strange, mumbled words.
Something tries to affect you, but you resist.
The orc completely misses you. Menkaure closely misses you.
Something hits you but does no damage. Menkaure barely misses you.
The orc hits you but does no damage. Something completely misses you.
Menkaure hits you!
You die...

≈≈≈≈ ....# ≈≈≈≈
##....## ≈≈≈≈
#......# ..≈≈≈≈≈≈.
#......# >.≈≈≈≈≈≈.
'......# ..≈≈≈≈≈≈.
#......# ≈≈≈≈≈≈≈..
#####......#
≈≈≈≈≈.... #....o#
≈≈≈...... #...@.#
......(.. #...M{#
...# #.....# ...#
#.....# ...#
#...(.+
...#(########.(...#
##...(....|(...#+##
#.....(.(.(..$#
#....(((......#


You could see Menkaure and an orc.

Vanquished Creatures
  Eustachio (D:5)
  A crimson imp (D:6)
  A hound (D:4)
  A jelly (D:6)
  An orc priest (D:4)
  An orc wizard (D:4)
  An iguana (D:4)
  5 worker ants (D:4)
  Robin (D:3)
  A gnoll (D:5)
  A howler monkey skeleton (D:5)
  3 adders (D:2)
  A shadow imp (D:2)
  A worm (D:2)
  A dart slug (D:1)
  3 leopard geckos
  8 orcs
  11 bats
  3 giant cockroaches
  15 goblins
  7 hobgoblins
  4 jackals
  12 kobolds
  A quokka (D:4)
  3 frilled lizards
  A jackal skeleton (D:6)
  A quokka skeleton (D:4)
  10 rats
100 creatures vanquished.

Notes
Turn   | Place    | Note
-------+----------+-------------------------------------------
     0 | D:1      | LevaFresel the Halfling Hunter began the quest for the Orb.
     0 | D:1      | Reached XP level 1. HP: 14/14 MP: 1/1
    47 | D:1      | Reached XP level 2. HP: 18/19 MP: 2/2
   556 | D:1      | Reached XP level 3. HP: 24/24 MP: 3/3
   601 | D:1      | Reached skill level 5 in Bows
   833 | D:3      | Noticed Thoern's ghost (weakling DDFi)
  1206 | D:2      | Reached XP level 4. HP: 29/29 MP: 4/4
  1216 | D:2      | Found a faded altar of an unknown god.
  1491 | D:2      | Found a shattered altar of Ashenzari.
  1492 | D:2      | Found a basalt altar of Yredelemnul.
  1993 | D:3      | Noticed Robin
  2003 | D:3      | Killed Robin
  2003 | D:3      | Reached XP level 5. HP: 18/35 MP: 5/5
  2236 | D:3      | Got a faintly humming helmet
  2245 | D:3      | Identified the +2 helmet of the Quahog {Int+3} (You took it off Robin on level 3 of the Dungeon)
  3023 | D:4      | Reached skill level 6 in Bows
  3118 | D:5      | Entered Level 5 of the Dungeon
  3125 | D:5      | Noticed Eustachio
  3180 | D:4      | Reached XP level 6. HP: 34/41 MP: 6/6
  3661 | D:4      | Found a glowing golden altar of the Shining One.
  3788 | D:4      | Reached skill level 1 in Short Blades
  3823 | D:4      | Reached XP level 7. HP: 35/46 MP: 7/7
  4089 | D:5      | Killed Eustachio
  4089 | D:5      | Reached skill level 1 in Armour
  4089 | D:5      | Reached skill level 1 in Evocations
  4269 | D:5      | Found an iron altar of Okawaru.
  4286 | D:5      | Became a worshipper of Warmaster Okawaru
  4345 | D:5      | Found Plog's Assorted Antiques.
  4397 | D:5      | Bought a scroll of identify for 56 gold pieces
  4397 | D:5      | Bought a scroll labeled YNENIK NETEGH for 28 gold pieces
  4456 | D:5      | Found a stormy altar of Qazlal.
  4510 | D:6      | Found a staircase to the Ecumenical Temple.
  4571 | D:6      | Noticed Menkaure
  4589 | D:6      | Slain by Menkaure

Skill      XL: |  1  2  3  4  5  6  7 |
---------------+----------------------+-----
Fighting       | 2 3 |  3.4
Bows           | 5 6 |  6.9
Dodging        | 3 4 |  4.1
Short Blades   | 1 2 |  2.0
Armour         | 1 |  1.6
Stealth        | 2 |  2.2
Evocations     | 1 |  1.4

Action                   |  1- 3 |  4- 6 |  7- 9 || total
-------------------------+-------+-------+-------++-------
Melee: Short sword       |    41 |       |       ||    41
       Dagger            |       |    10 |     5 ||    15
 Fire: Shortbow          |    64 |   191 |    62 ||   317
  Use: Scroll            |       |     3 |     1 ||     4
  Eat: Ration            |     1 |     2 |     1 ||     4
Armor: Leather armour    |    19 |    18 |       ||    37
       Ring mail         |       |       |    12 ||    12
       Chain mail        |       |       |     9 ||     9
Dodge: Dodged            |    85 |    64 |    21 ||   170
